 Dungeon Crawl Stone Soup version 0.27-a0-1200-g94dc6ad4cf (webtiles) character file.

Game seed: 1403139832457807952

929 Glokmah the Chiller (level 8, -2/58 HPs)
             Began as a Gnoll Ice Elementalist on May 30, 2021.
             Was a Believer of Makhleb.
             Slain by an orc
             ... wielding a +0 dagger
              (3 damage)
             ... on level 4 of the Dungeon.
             The game lasted 00:08:30 (4812 turns).

Glokmah the Chiller (Gnoll Ice Elementalist)        Turns: 4812, Time: 00:08:31

Health: -2/58      AC:  2    Str:  8    XL:     8   Next: 11%
Magic:  8/16       EV: 14    Int: 17    God:    Makhleb [**....]
Gold:   111        SH:  0    Dex: 12    Spells: 11/18 levels left

rFire    . . .     SeeInvis .   a - +0 short sword (elec)
rCold    . . .     Faith    .   (no shield)
rNeg     . . .     Spirit   .   c - +0 robe
rPois    .         Reflect  .   (no helmet)
rElec    .         Harm     .   (no cloak)
rCorr    +         Rampage  .   (no gloves)
Will     .....                  (no boots)
Stlth    +++.......             (no amulet)
HPRegen  0.19/turn              t - ring of resist corrosion
MPRegen  0.15/turn              (no ring)

@: freezing walls
A: fangs 1, strong nose, distributed training
a: Renounce Religion, Minor Destruction


You were on level 4 of the Dungeon.
You worshipped Makhleb.
Makhleb was pleased with you.
You visited 1 branch of the dungeon, and saw 4 of its levels.
You also visited: Ossuary.

You collected 111 gold pieces.

Inventory:

Hand Weapons
 a - a +0 short sword of electrocution (weapon)
 b - a +4 mace
 l - a +2 trident of flaming
Missiles
 h - 122 stones
 m - 5 boomerangs
Armour
 c - a +0 robe (worn)
Jewellery
 t - a ring of resist corrosion (left hand)
Scrolls
 e - 5 scrolls of identify {unknown}
 g - 2 scrolls of vulnerability {unknown}
 i - 2 scrolls of enchant weapon {unknown}
 j - a scroll of enchant armour {unknown}
 p - a scroll of holy word {unknown}
 u - 2 scrolls of acquirement {unknown}
 v - a scroll of torment {unknown}
Potions
 d - a potion of brilliance {unknown}
 f - a potion of heal wounds {unknown}
 k - 2 potions of curing
 n - a potion of resistance {unknown}
 o - 2 potions of lignification {unknown}
 q - 2 potions of might {unknown}
 r - a potion of magic {unknown}
 s - a potion of mutation {unknown}


   Skills:
 + Level 3.0 Fighting
 + Level 3.0 Short Blades
 + Level 3.0 Long Blades
 + Level 3.0 Axes
 + Level 3.0 Maces & Flails
 + Level 3.0 Polearms
 + Level 3.0 Staves
 + Level 3.0 Slings
 + Level 3.0 Bows
 + Level 3.0 Crossbows
 + Level 3.0 Throwing
 + Level 3.0 Armour
 + Level 5.5 Dodging
 + Level 5.2 Stealth
 + Level 3.0 Shields
 + Level 3.0 Unarmed Combat
 + Level 5.8 Spellcasting
 + Level 2.4 Conjurations
 + Level 2.4 Hexes
 + Level 2.4 Summonings
 + Level 2.4 Necromancy
 + Level 2.4 Translocations
 + Level 2.4 Transmutations
 + Level 2.4 Fire Magic
 + Level 7.5 Ice Magic
 + Level 2.4 Air Magic
 + Level 2.4 Earth Magic
 + Level 2.4 Poison Magic
 + Level 3.2 Invocations
 + Level 3.0 Evocations


You had 11 spell levels left.
You knew the following spells:

 Your Spells              Type           Power      Damage    Failure   Level
a - Freeze                Ice            100%       1d11      1%          1
b - Frozen Ramparts       Ice            60%        1d8       1%          3
c - Ozocubu's Armour      Ice            30%        N/A       1%          3

Your spell library contained the following spells:

 Spells                   Type           Power      Damage    Failure   Level
 Magic Dart               Conj           52%        1d5       4%          1
 Sandblast                Erth           26%        2d8       4%          1
 Passwall                 Tmut/Erth      10%        N/A       8%          2
 Searing Ray              Conj           26%        3d4       8%          2
 Dazzling Flash           Conj/Hex       26%        N/A       14%         3
 Stone Arrow              Conj/Erth      26%        3d8       14%         3
 Hailstorm                Conj/Ice       21%        3d6       17%         4
 Fulminant Prism          Conj/Hex       6%         3d7       43%         4
 Iskenderun's Mystic Bla  Conj/Tloc      13%        2d5       43%         4
 Petrify                  Tmut/Erth      13%        N/A       43%         4
 Metabolic Englaciation   Hex/Ice        10%        N/A       43%         5
 Lee's Rapid Deconstruct  Erth           6%         3d7*      80%         5


Dungeon Overview and Level Annotations

Branches:
Dungeon (4/15)            Ossuary (visited)
 Temple: D:4-7

Altars:
Dithmenos
Makhleb

Shops:
D:3 (


Innate Abilities, Weirdness & Mutations

You have very sharp teeth.
Your uncanny sense of smell can sniff out nearby items.
Your experience applies equally to all skills.


Message History

The orc is severely wounded.
The orc hits you with a +0 hand axe. Something hits you. The orc misses you.
You miss the orc.
The orc is severely wounded.
The orc barely misses you. Something hits you.
The orc hits you with a +0 dagger.
You hit the orc but do no damage. You punch the orc.
You kill the orc!
Makhleb accepts your kill. Something hits you.
The orc hits you but does no damage.
You bump into the rock wall.
The orc closely misses you. Something barely misses you.
You hit the orc.
The orc is heavily wounded.
You feel less confused. Something hits you!
* * * LOW HITPOINT WARNING * * *
The orc hits you with a +0 dagger.
* * * LOW HITPOINT WARNING * * *
Casting: Ozocubu's Armour (safe; 1% risk of failure)
Confirm with . or Enter, or press ? or * to list all spells.
Casting: Frozen Ramparts (safe; 1% risk of failure)
Press: ? - help, Dir - look around, f - activate The walls around you are covered in ice.
The orc misses you.
The wall freezes something.
Something hits you.
* * * LOW HITPOINT WARNING * * *
Unknown command.
Casting: Frozen Ramparts (safe; 1% risk of failure)
Confirm with . or Enter, or press ? or * to list all spells.
Aiming: Freeze (safe; 1% risk of failure)
Press: ? - help, Shift-Dir - straight line You freeze something.
The wall freezes something.
Something hits you.
* * * LOW HITPOINT WARNING * * *
The orc barely misses you.
Unknown command.
It was a potion of curing.
You feel better.
The wall freezes something!
Something hits you!
* * * LOW HITPOINT WARNING * * *
The orc hits you with a +0 dagger.
You die...

...^ #....# #
##.....### .#
.........####.#
..............#
.........<....##
...............###
........o...#.....∆
.......@{...#.....
..#...##).#....##
....###...)...##
... #....##..#... .
#...........#
#..........##
#.........##
#.##..#..## ...
.......#


You could see an orc.

Vanquished Creatures
  11 scorpions (Ossuary)
  2 human zombies (Ossuary)
  7 scorpion zombies (Ossuary)
  3 mummies (Ossuary)
  3 worms
  A dart slug (D:1)
  3 orcs
  5 bats
  4 endoplasms
  4 giant cockroaches
  3 gnoll zombies (Ossuary)
  5 goblins
  4 hobgoblins
  6 jackals
  2 quokkas
  5 ball pythons
  6 frilled lizards
  2 hobgoblin zombies (Ossuary)
  5 kobolds
  2 kobold zombies (Ossuary)
  An orc zombie (Ossuary)
  5 rats
89 creatures vanquished.

Notes
Turn   | Place    | Note
-------+----------+-------------------------------------------
     0 | D:1      | Glokmah the Gnoll Ice Elementalist began the quest for the
                  | Orb.
     0 | D:1      | Reached XP level 1. HP: 13/13 MP: 6/6
   226 | D:1      | Reached XP level 2. HP: 19/19 MP: 4/7
   677 | D:1      | Reached XP level 3. HP: 21/25 MP: 7/9
   684 | D:1      | Reached skill level 5 in Spellcasting
   899 | D:1      | Learned a level 3 spell: Frozen Ramparts
  1308 | D:2      | Found a faded altar of an unknown god.
  1316 | D:2      | Became a worshipper of Makhleb the Destroyer
  1316 | D:2      | Reached * piety under Makhleb
  1326 | D:2      | Reached skill level 1 in Invocations
  1677 | D:2      | Learned a level 3 spell: Ozocubu's Armour
  2055 | D:2      | Reached skill level 1 in Fighting
  2055 | D:2      | Reached skill level 1 in Short Blades
  2055 | D:2      | Reached skill level 1 in Long Blades
  2055 | D:2      | Reached skill level 1 in Axes
  2055 | D:2      | Reached skill level 1 in Maces & Flails
  2055 | D:2      | Reached skill level 1 in Polearms
  2055 | D:2      | Reached skill level 1 in Staves
  2055 | D:2      | Reached skill level 1 in Slings
  2055 | D:2      | Reached skill level 1 in Bows
  2055 | D:2      | Reached skill level 1 in Crossbows
  2055 | D:2      | Reached skill level 1 in Throwing
  2055 | D:2      | Reached skill level 1 in Armour
  2055 | D:2      | Reached skill level 1 in Shields
  2055 | D:2      | Reached skill level 1 in Unarmed Combat
  2055 | D:2      | Reached skill level 1 in Evocations
  2503 | D:3      | Reached XP level 4. HP: 32/32 MP: 3/11
  2721 | D:3      | Found Zydu's Weapon Emporium.
  2751 | D:3      | Found a shadowy altar of Dithmenos.
  3484 | D:4      | Found a sand-covered staircase.
  3493 | Ossuary  | Entered an ossuary
  3499 | Ossuary  | Noticed a scorpion
  3506 | Ossuary  | Killed a scorpion
  3507 | Ossuary  | Reached skill level 1 in Conjurations
  3507 | Ossuary  | Reached skill level 1 in Hexes
  3507 | Ossuary  | Reached skill level 1 in Summonings
  3507 | Ossuary  | Reached skill level 1 in Necromancy
  3507 | Ossuary  | Reached skill level 1 in Translocations
  3507 | Ossuary  | Reached skill level 1 in Transmutations
  3507 | Ossuary  | Reached skill level 1 in Fire Magic
  3507 | Ossuary  | Reached skill level 1 in Air Magic
  3507 | Ossuary  | Reached skill level 1 in Earth Magic
  3507 | Ossuary  | Reached skill level 1 in Poison Magic
  3507 | Ossuary  | Reached XP level 5. HP: 37/37 MP: 3/12
  3594 | Ossuary  | Reached XP level 6. HP: 40/44 MP: 5/14
  3604 | Ossuary  | Reached skill level 5 in Dodging
  3862 | Ossuary  | Reached ** piety under Makhleb
  3863 | Ossuary  | Reached XP level 7. HP: 31/50 MP: 11/15
  4364 | Ossuary  | Reached skill level 5 in Stealth
  4572 | Ossuary  | Reached XP level 8. HP: 48/57 MP: 7/16
  4812 | D:4      | HP: 1/58 [something (7)]
  4812 | D:4      | Slain by an orc

Illustrated notes

Levels and vault maps discovered:
D:1:      dpeg_arrival_rooms_b, layout_loops_ring
D:2:      layout_basic, ebering_ecumenical_altar_ruins, serial_bayou_pond_e
D:3:      layout_loops_ring, nicolae_overflow_crystal_walls, serial_shops, shop,
          hangedman_decor_growths
D:4:      layout_layer_cave, grunt_temple_overflow_open,
          minmay_temple_entry_hall, nicolae_ossuary_entry_ruins,
          grunt_ministairs_6, minmay_unequal, uniq_robin

Skill      XL: |  1  2  3  4  5  6  7  8 |
---------------+-------------------------+-----
Spellcasting   | 5 |  5.8
Invocations    | 1 2 3 |  3.2
Fighting       | 1 2 3 |  3.0
Short Blades   | 1 2 3 |  3.0
Long Blades    | 1 2 3 |  3.0
Axes           | 1 2 3 |  3.0
Maces & Flails | 1 2 3 |  3.0
Polearms       | 1 2 3 |  3.0
Staves         | 1 2 3 |  3.0
Slings         | 1 2 3 |  3.0
Bows           | 1 2 3 |  3.0
Crossbows      | 1 2 3 |  3.0
Throwing       | 1 2 3 |  3.0
Armour         | 1 2 3 |  3.0
Shields        | 1 2 3 |  3.0
Unarmed Combat | 1 2 3 |  3.0
Evocations     | 1 2 3 |  3.0
Conjurations   | 1 2 |  2.4
Hexes          | 1 2 |  2.4
Summonings     | 1 2 |  2.4
Necromancy     | 1 2 |  2.4
Translocations | 1 2 |  2.4
Transmutations | 1 2 |  2.4
Fire Magic     | 1 2 |  2.4
Air Magic      | 1 2 |  2.4
Earth Magic    | 1 2 |  2.4
Poison Magic   | 1 2 |  2.4
Dodging        | 5 |  5.5
Stealth        | 5 |  5.2
Ice Magic      | |  7.5

Action                   |  1- 3 |  4- 6 |  7- 9 || total
-------------------------+-------+-------+-------++-------
Melee: Short sword       |    51 |    68 |    65 ||   184
       Bite              |     2 |     5 |     8 ||    15
       Punch             |       |       |     3 ||     3
 Cast: Freeze            |    33 |    11 |     4 ||    48
       Frozen Ramparts   |     1 |     8 |    14 ||    23
       Ozocubu's Armour  |     1 |     4 |     7 ||    12
  Use: Potion            |       |       |     1 ||     1
 Stab: Sleeping          |    10 |     2 |       ||    12
Armor: Robe              |    10 |    23 |    16 ||    49
Dodge: Dodged            |    41 |    49 |    54 ||   144

Table legend: (Time is in decaauts)
 A = Elapsed time spent in this place.
 B = Non-inter-level travel time spent in this place.
 C = Inter-level travel time spent in this place.
 D = Time resting spent in this place.
 E = Time spent auto-exploring this place.
 F = Levels seen in this place.
 G = Mean time per level.
                   A        B        C        D        E       F      G
               +--------+--------+--------+--------+--------+-----+--------+
         Total |   4814 |   4684 |    130 |   1034 |   2702 |   5 |  962.8 |
       Dungeon |   3519 |   3389 |    130 |    276 |   2565 |   4 |  879.8 |
       Ossuary |   1295 |   1295 |      0 |    758 |    137 |   1 | 1295.0 |
               +--------+--------+--------+--------+--------+-----+--------+

Top non-repeatable levels by time:
 Ossuary: 1295 daAuts
     D:1: 1261 daAuts
     D:2: 1229 daAuts
     D:3: 997 daAuts
     D:4: 31 daAuts
